General information
- name: BNet
- type: Ladder team game (AT/RT)
- host: Battle.net
- saver: TIMG4STRok
map: GnollWood
- players: 4
- length: 15:03
- speed: Fast
- version: 1.21 W3XP
- replay type:

» download(97 KB)
Players
team 1 (winner)

»
iggy_the_fisk (
pink | 132 APM | 1979 actions | 15:02)
2 Archmage
1 Summon Water Elemental
1 Brilliance Aura
4 Mountain King
2 Storm Bolt
2 Bash
» actions
| Assign group hotkey | 213 | |
| Basic commands | 19 | |
| Build / train | 54 | |
| Enter build submenu | 26 | |
| Enter hero's abilities submenu | 7 | |
| Remove unit from queue | 1 | |
| Right click | 1096 | |
| Select / deselect | 348 | |
| Select group hotkey | 139 | |
| Use ability | 76 | |
1979 total
» units
| Peasant | 14 | |
| Footman | 5 | |
| Spell Breaker | 8 | |
| Sorceress | 4 | |
| Priest | 6 | |
37 total
» upgrades
| Sorceress Training | 1 | |
| Priest Training | 1 | |
2 total
» buildings
| Altar of Kings | 1 | |
| Barracks | 1 | |
| Farm | 9 | |
| Keep | 2 | |
| Arcane Vault | 4 | |
| Scout Tower | 7 | |
| Arcane Tower | 1 | |
| Arcane Sanctum | 2 | |
| Lumber Mill | 1 | |
| Guard Tower | 2 | |
30 total
» build order
00:04 Altar of Kings
00:19 Barracks
00:25 Farm
00:47 Farm
01:27 Farm
02:49 Keep
03:18 Arcane Vault
03:21 Scout Tower
03:49 Arcane Tower
05:23 Arcane Sanctum
05:26 Arcane Sanctum
05:59 Arcane Vault
06:49 Farm
07:31 Farm
08:56 Arcane Vault
08:58 Farm
08:58 Farm
12:40 Farm
12:52 Lumber Mill
13:31 Scout Tower
13:37 Scout Tower
13:39 Arcane Vault
14:10 Guard Tower
14:10 Scout Tower
14:13 Scout Tower
14:48 Guard Tower
14:49 Scout Tower
14:51 Scout Tower
15:01 Farm
» items

»
TIMG4STRok (
blue | 157 APM | 2363 actions | 15:03)
5 Archmage
3 Summon Water Elemental
2 Brilliance Aura
3 Mountain King
2 Storm Bolt
1 Bash
» actions
| Assign group hotkey | 23 | |
| Basic commands | 120 | |
| Build / train | 60 | |
| Enter build submenu | 24 | |
| Enter hero's abilities submenu | 8 | |
| Give item / drop item | 4 | |
| Right click | 1179 | |
| Select / deselect | 257 | |
| Select group hotkey | 621 | |
| Use ability | 67 | |
2363 total
» units
| Peasant | 12 | |
| Footman | 5 | |
| Sorceress | 2 | |
| Priest | 4 | |
| Spell Breaker | 4 | |
27 total
» upgrades
| Priest Training | 2 | |
| Sorceress Training | 2 | |
| Defend | 1 | |
| Plating | 1 | |
| Magic Sentry | 1 | |
| Masonry | 1 | |
| Lumber Harvesting | 1 | |
9 total
» buildings
| Altar of Kings | 1 | |
| Barracks | 1 | |
| Farm | 10 | |
| Scout Tower | 3 | |
| Arcane Tower | 2 | |
| Keep | 1 | |
| Arcane Vault | 1 | |
| Arcane Sanctum | 2 | |
| Lumber Mill | 1 | |
| Town Hall | 1 | |
| Blacksmith | 1 | |
| Castle | 1 | |
| Guard Tower | 1 | |
26 total
» build order
00:08 Altar of Kings
00:11 Barracks
00:16 Farm
00:51 Farm
01:28 Scout Tower
01:47 Farm
02:04 Arcane Tower
03:18 Keep
04:20 Farm
04:23 Arcane Vault
05:32 Farm
05:59 Arcane Sanctum
06:00 Arcane Sanctum
06:19 Lumber Mill
06:46 Town Hall
06:54 Scout Tower
06:54 Scout Tower
08:59 Blacksmith
11:52 Castle
11:53 Farm
11:55 Farm
12:38 Farm
13:02 Arcane Tower
13:03 Guard Tower
14:48 Farm
14:48 Farm
» items
| Scroll of Regeneration | 2 | |
| Scroll of Town Portal | 2 | |
| Scroll of Healing | 1 | |
| Staff of Teleportation | 1 | |
| Potion of Healing | 1 | |
7 total
team 2 (loser)
AoX)R4uLLy (
purple | 101 APM | 1514 actions | 14:58)
3 Archmage
2 Summon Water Elemental
1 Brilliance Aura
2 Mountain King
1 Storm Bolt
1 Bash
» actions
| Assign group hotkey | 51 | |
| Basic commands | 23 | |
| Build / train | 53 | |
| Enter build submenu | 14 | |
| Enter hero's abilities submenu | 5 | |
| Right click | 651 | |
| Select / deselect | 332 | |
| Select group hotkey | 320 | |
| Use ability | 65 | |
1514 total
» units
| Peasant | 14 | |
| Footman | 6 | |
| Spell Breaker | 6 | |
| Priest | 4 | |
30 total
» buildings
| Farm | 6 | |
| Altar of Kings | 1 | |
| Barracks | 1 | |
| Scout Tower | 1 | |
| Arcane Tower | 1 | |
| Keep | 3 | |
| Arcane Vault | 1 | |
| Lumber Mill | 1 | |
| Arcane Sanctum | 3 | |
18 total
» build order
00:07 Farm
00:09 Altar of Kings
00:16 Barracks
00:52 Farm
01:50 Farm
01:53 Scout Tower
02:38 Arcane Tower
03:33 Keep
03:33 Keep
04:12 Arcane Vault
04:23 Farm
04:23 Farm
04:26 Lumber Mill
06:50 Arcane Sanctum
06:50 Arcane Sanctum
07:19 Farm
10:07 Arcane Sanctum
» items
| Scroll of Regeneration | 3 | |
| Lesser Clarity Potion | 2 | |
| Potion of Healing | 1 | |
6 total
rafaelNoias (
orange | 54 APM | 809 actions | 15:02)
2 Death Knight
1 Death Coil
1 Unholy Aura
1 Lich
1 Frost Nova
» actions
| Assign group hotkey | 30 | |
| Basic commands | 17 | |
| Build / train | 35 | |
| Enter build submenu | 16 | |
| Enter hero's abilities submenu | 3 | |
| Give item / drop item | 1 | |
| Remove unit from queue | 1 | |
| Right click | 375 | |
| Select / deselect | 232 | |
| Select group hotkey | 66 | |
| Use ability | 33 | |
809 total
» units
| Acolyte | 2 | |
| Ghoul | 7 | |
| Crypt Fiend | 6 | |
| Frost Wyrm | 4 | |
19 total
» upgrades
| Creature Attack | 1 | |
| Creature Carapace | 2 | |
| Web | 1 | |
4 total
» buildings
| Crypt | 2 | |
| Ziggurat | 4 | |
| Graveyard | 1 | |
| Altar of Darkness | 1 | |
| Tomb of Relics | 1 | |
| Halls of the Dead | 1 | |
| Black Citadel | 1 | |
| Sacrificial Pit | 1 | |
| Boneyard | 1 | |
13 total
» build order
00:09 Crypt
00:14 Ziggurat
00:34 Graveyard
00:51 Altar of Darkness
01:41 Tomb of Relics
01:54 Ziggurat
05:03 Halls of the Dead
05:07 Crypt
05:47 Ziggurat
06:48 Ziggurat
08:24 Black Citadel
09:38 Sacrificial Pit
11:09 Boneyard
» items
| Rod of Necromancy | 2 | |
| Scroll of Town Portal | 1 | |
| Orb of Corruption | 1 | |
4 total
Chat log
(14:59 / All) TIMG4STRok: Gg